 Dungeon Crawl Stone Soup version 0.20.1-1-g8b1a95d (webtiles) character file.

2327 vatarom the Martial Artist (level 9, 0/69 HPs)
             Began as a Demonspawn Transmuter on Sept 21, 2017.
             Was a Follower of Cheibriados.
             Slain by a wight
             ... wielding a +0 scimitar
              (10 damage)
             ... on level 8 of the Dungeon.
             The game lasted 00:13:25 (7167 turns).

vatarom the Martial Artist (Demonspawn Transmuter)  Turns: 7167, Time: 00:13:27

Health: 0/69       AC:  0    Str: 15    XL:     9   Next: 19%
Magic:  4/12       EV: 24    Int: 20    God:    Cheibriados [*.....]
Gold:   364        SH:  0    Dex: 21    Spells: 2/12 levels left

rFire    + . .     SeeInvis .     - Unarmed
rCold    . . .     Gourm    +   (shield currently unavailable)
rNeg     . . .     Faith    .   (armour currently unavailable)
rPois    .         Spirit   .   (helmet currently unavailable)
rElec    .         Reflect  .   (cloak currently unavailable)
rCorr    .         Harm     .   (gloves currently unavailable)
MR       +....                  (boots currently unavailable)
Stlth    ++........             o - amulet of the gourmand
Regen    0.3/turn               v - ring of the Locust {rPois MR+ AC-2 Int+3 Dex-3} (curse)
MPRegen  0.2/turn               e - ring of protection from fire

@: spider-form (expiring), very slightly contaminated, drained, very slow
A: blurry vision 1, foul stench 2, wild magic 1, rot immunity
a: End Transformation, Bend Time, Renounce Religion


You were on level 8 of the Dungeon.
You worshipped Cheibriados.
Cheibriados was aware of your devotion.
You were very full.
You were a venomous arachnid creature.
You visited 2 branches of the dungeon, and saw 9 of its levels.

You collected 364 gold pieces.

Inventory:

Missiles
 a - 135 arrows
Armour
 b - a +1 robe (melded)
 i - a +2 helmet (melded)
Jewellery
 e - a ring of protection from fire (right front leg)
 h - a +2 ring of protection
 o - an amulet of the gourmand (around neck)
 t - a +2 ring of protection
 v - the cursed ring of the Locust (left front leg) {rPois MR+ AC-2 Int+3 Dex-3}
   (You found it on level 5 of the Dungeon)

   [ring of protection]

   It affects your AC (-2).
   It affects your intelligence (+3).
   It affects your dexterity (-3).
   It protects you from poison.
   It affects your resistance to hostile enchantments.
   It has a curse placed upon it.
Wands
 f - a wand of random effects (20/48)
 p - a wand of confusion (22/48)
 s - a wand of enslavement (4/24)
 u - a wand of digging (18/24)
Scrolls
 m - 3 scrolls of teleportation
 q - a scroll of enchant weapon
 r - a scroll of fog
 w - a scroll of magic mapping
 x - a scroll of amnesia
Potions
 l - 2 potions of magic
 n - a potion of curing
 z - a potion of invisibility
Books
 c - a book of Changes

   Spells                             Type                      Level
   a - Beastly Appendage              Transmutation                1
   b - Sticks to Snakes               Transmutation                2
   c - Spider Form                    Transmutation/Poison         3
   d - Ice Form                       Ice/Transmutation            4
   e - Blade Hands                    Transmutation                5
Comestibles
 d - 2 bread rations
 g - 6 royal jellies
 j - 4 fruits
 k - 3 meat rations


   Skills:
 + Level 5.6(5.3) Fighting
 + Level 5.4(5.1) Dodging
 * Level 8.1(7.8) Unarmed Combat
 - Level 2.0(1.7) Spellcasting
 + Level 3.4(3.1) Transmutations
 + Level 3.2(2.9) Invocations


You had 2 spell levels left.
You knew the following spells:

 Your Spells              Type           Power        Failure   Level  Hunger
a - Beastly Appendage     Tmut           ###...       19%         1    #......
b - Sticks to Snakes      Tmut           ###.....     26%         2    ###....
c - Spider Form           Tmut/Pois      ##........   56%         3    ###....
d - Ice Form              Ice/Tmut       ##......     87%         4    #####..


Dungeon Overview and Level Annotations

Branches:
Dungeon (8/15)             Temple (1/1) D:6
   Lair: D:8-11

Altars:
Ashenzari
Cheibriados
Dithmenos
Elyvilon
Fedhas
Gozag
Hepliaklqana
Kikubaaqudgha
Makhleb
Okawaru
Qazlal
Ru
Sif Muna
Trog
Uskayaw
Vehumet
Xom
Zin

Shops:
D:5 *   D:7 }


Innate Abilities, Weirdness & Mutations

((You have sharp fingernails.))
You frequently emit foul miasma when damaged in melee.
((You are partially covered in sharp spines.))
You are immune to rotting.
((You have large cloven feet.))
Scrolls take you a little longer to read.
Your spells are a little harder to cast, but a little more powerful.


Message History

The wight hits you with a scimitar!
* * * LOW HITPOINT WARNING * * *
You emit a cloud of foul miasma!
The shadow imp barely misses you. The wight completely misses you.
You bite the wight!
You destroy the wight!
Cheibriados appreciates the change of pace.
The shadow imp closely misses you. The wight hits you with a scimitar.
* * * LOW HITPOINT WARNING * * *
You feel drained.
* * * LOW HITPOINT WARNING * * *
You emit a cloud of foul miasma!
The shadow imp gestures at you.
You easily resist.
Things that are here:
a scimitar; a robe Your transformation is almost over.
The wight hits you with a scimitar!
You die...

......... .........
#.zz..z. ####5#
############....#
####...##...##..####
#.#..........#.##
#...5........[.#
#..s§..........#
#...z..........#####
#.#...............lo
...#....##...#..####.
###
#...#####...#####.
###.. ##.......o ##.#
##.#####. .. #.# #.
##.. #.# #.


You could see a wight and a shadow imp.

Vanquished Creatures
  A hippogriff (D:8)
  Sigmund (D:3)
  A sky beast (D:4)
  3 orc warriors
  A necrophage (D:6)
  3 ogres
  2 centaurs
  Blork the orc (D:4)
  2 scorpions
  4 killer bees (D:7)
  A wight (D:8)
  A howler monkey (D:4)
  3 crimson imps
  2 hounds
  A centaur zombie (D:7)
  A quasit (D:8)
  3 orc priests
  A bullfrog skeleton (D:5)
  An orc wizard (D:7)
  5 worker ants
  2 hound zombies
  Robin (D:4)
  A worker ant zombie (D:7)
  4 adders
  A shadow imp (D:6)
  An adder skeleton (D:4)
  A worm (D:2)
  A dart slug (D:2)
  A leopard gecko (D:4)
  9 orcs
  4 bats (D:1)
  3 giant cockroaches
  19 goblins
  3 hobgoblins
  3 jackals (D:7)
  3 quokkas
  3 ball pythons
  5 frilled lizards
  A kobold (D:2)
  4 rats
108 creatures vanquished.

Vanquished Creatures (collateral kills)
  A wight (D:8)
  An adder (D:2)
  An orc (D:7)
3 creatures vanquished.

Vanquished Creatures (others)
  An orc wizard (D:7)
1 creature vanquished.

Grand Total: 112 creatures vanquished

Notes
Turn   | Place    | Note
-------+----------+-------------------------------------------
     0 | D:1      | vatarom the Demonspawn Transmuter began the quest for the Orb.
     0 | D:1      | Reached XP level 1. HP: 15/15 MP: 3/3
   311 | D:1      | Gained mutation: Your spells are a little harder to cast, but a little more powerful. [potion of mutation]
   311 | D:1      | Gained mutation: Scrolls take you a little longer to read. [potion of mutation]
   311 | D:1      | Gained mutation: You have large cloven feet. [potion of mutation]
   336 | D:1      | Gained mutation: You are immune to rotting. [demonic ancestry]
   336 | D:1      | Reached XP level 2. HP: 21/21 MP: 3/5
   355 | D:1      | Reached skill level 3 in Unarmed Combat
   417 | D:1      | Learned a level 2 spell: Sticks to Snakes
   825 | D:1      | Reached XP level 3. HP: 26/26 MP: 6/6
  1273 | D:2      | Learned a level 3 spell: Spider Form
  2303 | D:3      | You fall through a shaft for 3 floors!
  2308 | D:6      | Gained mutation: You may emit foul miasma when damaged in melee. [demonic ancestry]
  2308 | D:6      | Reached XP level 4. HP: 33/33 MP: 3/7
  2426 | D:6      | Reached skill level 4 in Unarmed Combat
  2426 | D:6      | Gained mutation: You are partially covered in sharp spines. [demonic ancestry]
  2426 | D:6      | Reached XP level 5. HP: 31/38 MP: 2/8
  2496 | D:5      | Entered Level 5 of the Dungeon
  2503 | D:5      | Found Nimolig's Assorted Antiques.
  2611 | D:5      | Noticed a centaur
  2620 | D:5      | Killed a centaur
  2920 | D:4      | Gained mutation: You frequently emit foul miasma when damaged in melee. [demonic ancestry]
  2920 | D:4      | Reached XP level 6. HP: 27/46 MP: 2/9
  3182 | D:4      | Noticed Robin
  3188 | D:4      | Noticed a sky beast
  3202 | D:4      | Killed Robin
  3202 | D:4      | Reached skill level 5 in Unarmed Combat
  3211 | D:4      | Killed a sky beast
  3640 | D:3      | Noticed Sigmund
  3652 | D:3      | Killed Sigmund
  3652 | D:3      | Reached XP level 7. HP: 34/52 MP: 7/10
  3827 | D:3      | Found a faded altar of an unknown god.
  3946 | D:4      | Noticed Blork the orc
  3954 | D:4      | Killed Blork the orc
  3954 | D:4      | Reached skill level 6 in Unarmed Combat
  3959 | D:4      | Found a deep blue altar of Sif Muna.
  4275 | D:5      | Got a coiled wooden ring
  4276 | D:5      | Identified the cursed ring of the Locust {rPois MR+ AC-2 Int+3 Dex-3} (You found it on level 5 of the Dungeon)
  4439 | D:5      | Found a glowing silver altar of Zin.
  4439 | D:5      | Found an iron altar of Okawaru.
  4637 | D:6      | Reached XP level 8. HP: 24/60 MP: 5/11
  4977 | D:6      | Reached skill level 7 in Unarmed Combat
  5050 | D:6      | Learned a level 4 spell: Ice Form
  5310 | D:6      | Found a blossoming altar of Fedhas.
  5460 | D:6      | Found a staircase to the Ecumenical Temple.
  5469 | Temple   | Entered the Ecumenical Temple
  5596 | Temple   | Became a worshipper of Cheibriados the Contemplative
  5687 | D:7      | Reached skill level 5 in Fighting
  5817 | D:7      | Found Duezal's Gadget Shop.
  5844 | D:7      | Reached skill level 1 in Invocations
  5880 | D:7      | Reached skill level 5 in Dodging
  6342 | D:7      | HP: 2/94 [orc priest/divine providence (10)]
  6345 | D:7      | Gained mutation: You have sharp fingernails. [demonic ancestry]
  6345 | D:7      | Reached XP level 9. HP: 1/68 MP: 5/12
  6350 | D:7      | HP: 1/102 [poisoned by an orc wizard]
  6358 | D:7      | HP: 1/102 [poisoned by an orc wizard]
  6719 | D:7      | Reached * piety under Cheibriados
  6973 | D:8      | Reached skill level 8 in Unarmed Combat
  7167 | D:8      | Slain by a wight

Skill      XL: |  1  2  3  4  5  6  7  8  9 |
---------------+----------------------------+-----
Transmutations | 2 3 |  3.4
Dodging        | 2 3 4 5 |  5.4
Unarmed Combat | 3 4 5 6 7 8 |  8.1
Fighting       | 2 3 4 5 |  5.6
Invocations    | 2 3 |  3.2
Spellcasting   | |  2.0

Action                   |  1- 3 |  4- 6 |  7- 9 || total
-------------------------+-------+-------+-------++-------
Melee: Unarmed           |   135 |    74 |   146 ||   355
       Kick              |    13 |     7 |    11 ||    31
       Headbutt          |     1 |       |       ||     1
 Cast: Beastly Appendage |     7 |       |       ||     7
       Spider Form       |     4 |     7 |    20 ||    31
       Sticks to Snakes  |     2 |       |       ||     2
 Abil: End Transformatio |       |       |     1 ||     1
Evoke: Wand              |       |       |     4 ||     4
  Use: Scroll            |    11 |     1 |     6 ||    18
       Potion            |     4 |     3 |     5 ||    12
 Stab: Sleeping          |     1 |       |       ||     1
  Eat: Chunk             |     3 |     8 |    18 ||    29
       Bread ration      |     1 |       |       ||     1
Armor: Robe              |    50 |     4 |    16 ||    70
       Skin              |     5 |     2 |     2 ||     9
Dodge: Dodged            |   107 |    52 |   123 ||   282
